 Dungeon Crawl Stone Soup version 0.31-a0-705-ga145531891 (webtiles) character file.

Game seed: 1930577775783909799

1 Xavori the Cutter (level 1, -3/16 HPs)
             Began as an Octopode Chaos Knight on Sept 10, 2023.
             Was a Plaything of Xom.
             Slain by a yak (shapeshifter) (18 damage)
             ... on level 1 of the Dungeon.
             The game lasted 00:00:01 (13 turns).

Xavori the Cutter (Octopode Chaos Knight)             Turns: 13, Time: 00:00:02

Health: -3/16      AC:  1    Str: 11    XL:     1   Next: 20%
Magic:  1/1        EV: 13    Int: 14    God:    Xom [..*...]
Gold:   0          SH:  0    Dex: 11    Spells: 0/0 levels left

rFire   . . .        a - +0 short sword (chaos)
rCold   . . .        (no shield)
rNeg    . . .        (helmet restricted)
rPois   .            (no amulet)
rElec   .            (no ring)
rCorr   .            (no ring)
SInv    .            (no ring)
Will    .....        (no ring)
Stlth   ++           (no ring)
HPRegen 0.22/turn    (no ring)
MPRegen 0.07/turn    (no ring)
                     (no ring)

%: no passive effects
@: no status effects
A: almost no armour, amphibious, 8 rings, camouflage 1, gelatinous body 1,
(nimble swimmer 1), tentacles
a: Renounce Religion


You were on level 1 of the Dungeon.
You worshipped Xom.
You were a toy of Xom.
You visited 1 branch of the dungeon, and saw 1 of its levels.

Inventory:

Hand Weapons
 a - a +0 short sword of chaos (weapon)
Scrolls
 b - a scroll of butterflies


   Skills:
 + Level 3.0 Fighting
 + Level 3.0 Short Blades
 + Level 2.3 Dodging


You couldn't memorise any spells.
You didn't know any spells.
Your spell library was empty.

Dungeon Overview and Level Annotations

Branches:
Dungeon (1/15)

Altars:


Innate Abilities, Weirdness & Mutations

You cannot wear most types of armour.
You are amphibious.
You can wear up to eight rings at the same time.
Your skin changes colour to match your surroundings (Stealth+).
Your rubbery body absorbs attacks. (AC +1, EV +1)
((You are camouflaged when in or above water. (Stealth+)))
You have tentacles for arms and can constrict up to eight enemies at once.


Message History

Found a leather armour and a hand axe.
Found a scimitar and 2 gold pieces.
A hobgoblin is nearby!
A goblin comes into view. It is wielding a +0 dagger.
There are monsters nearby!
There are monsters nearby!
The hobgoblin shouts!
You hear an angry hiss.
The goblin shouts!
A ball python comes into view.
A goblin comes into view. It is wielding a +0 dagger.
There are monsters nearby!
You closely miss the hobgoblin.
The goblin shouts!
You grab the hobgoblin. You squeeze the hobgoblin.
You kill the hobgoblin!
There are monsters nearby!
There are monsters nearby!
Found a scroll labelled QOX US HINN.
The ball python bites you. The ball python misses you.
The ball python closely misses you. The ball python completely misses you.
You see here a hobgoblin corpse.
There are monsters nearby!
You closely miss the ball python. Your grab misses the ball python.
The ball python closely misses you. The ball python barely misses you.
There are monsters nearby!
You hit the ball python but do no damage.
The ball python changes into a shapeshifter!
Xom is interested.
Your grab misses the shapeshifter. Your squeeze misses the shapeshifter.
The shapeshifter changes into a yak!
There are monsters nearby!
You barely miss the yak.
There are monsters nearby!
You hit the yak but do no damage. The yak closely misses you.
There are monsters nearby!
You hit the yak but do no damage. You squeeze the yak.
The yak is lightly wounded.
The yak gores you!!
Ouch! That really hurt!
You die...
Xom laughs nastily! ##. ... .. #.# # $.## #. g)?

#.##Y# ..
#..@.##....
###........
#.###....
#..)..##+
###.###....
##~#.#~##
##
##~P~~~P~##
#~P8P~P8P~#
##~P.<.P~##


You could see a yak shaped shifter and a goblin.

Vanquished Creatures
  A hobgoblin (D:1)
1 creature vanquished.

Notes
Turn   | Place    | Note
-------+----------+-------------------------------------------
     0 | D:1      | Xavori the Octopode Chaos Knight began the quest for the
                  | Orb.
     0 | D:1      | Reached XP level 1. HP: 16/16 MP: 1/1
    10 | D:1      | a ball python changed into a shapeshifter
    10 | D:1      | Noticed a shapeshifter (shapeshifter)
    10 | D:1      | a shapeshifter changed into a yak
    10 | D:1      | Noticed a yak (shapeshifter)
    13 | D:1      | Slain by a yak (shapeshifter)

Illustrated notes

Levels and vault maps discovered:
D:1:      ldierk_walled_garden_2, layout_basic, minmay_tetromino_o4

Action                     || total
---------------------------++-------
  Melee: Short sword       ||     6
         Tentacles         ||     2
         Constrict         ||     1
 Armour: Skin              ||     2
  Dodge: Dodged            ||     6

Table legend: (Time is in decaauts)
 A = Elapsed time spent in this place.
 B = Non-inter-level travel time spent in this place.
 C = Inter-level travel time spent in this place.
 D = Time resting spent in this place.
 E = Time spent auto-exploring this place.
 F = Levels seen in this place.
 G = Mean time per level.
                   A        B        C        D        E       F      G
               +--------+--------+--------+--------+--------+-----+--------+
         Total |     12 |     12 |      0 |      0 |      2 |   1 |   12.0 |
       Dungeon |     12 |     12 |      0 |      0 |      2 |   1 |   12.0 |
               +--------+--------+--------+--------+--------+-----+--------+

Top non-repeatable levels by time:
     D:1: 12 daAuts
